3407 views
Uploaded 2020-04-23 19:50:13
Game version 1.32.3
15:31 long 4on4 ladder game on (8)Northshire_LV
Saved by Brunt
3407 views
Uploaded 2020-04-23 19:50:13
Game version 1.32.3
15:31 long 4on4 ladder game on (8)Northshire_LV


119 units @ 16.6k
/ 1.6k
63 buildings @ 9.6k
/ 3.7k


| Potion of Healing | 2 | 300 |
| total: | 2 | 300g |
| Peasant | 9 | 675 | / | 0 |
| Footman | 7 | 945 | / | 0 |
| Rifleman | 5 | 1025 | / | 150 |
| Priest | 6 | 810 | / | 60 |
| total: | 27 | 3455g | / | 210w |
| Altar of Kings | 1 | 180 | / | 50 |
| Farm | 11 | 880 | / | 220 |
| Barracks | 1 | 160 | / | 60 |
| Lumber Mill | 1 | 120 | / | 0 |
| Blacksmith | 1 | 140 | / | 60 |
| Arcane Vault | 1 | 130 | / | 30 |
| Arcane Sanctum | 1 | 150 | / | 140 |
| Workshop | 1 | 140 | / | 140 |
| Gryphon Aviary | 2 | 280 | / | 300 |
| Keep | 1 | 320 | / | 210 |
| Castle | 1 | 360 | / | 210 |
| total: | 20 | 2180g | / | 1000w |
| 0:04 | Peasant |
| 0:05 | Peasant |
| 0:05 | Peasant |
| 0:05 | Peasant |
| 0:05 | Peasant |
| 0:15 | Altar of Kings |
| 0:24 | Farm |
| 1:20 | Farm |
| 1:23 | Peasant |
| 1:23 | Peasant |
| 1:25 | Peasant |
| 1:25 | Peasant |
| 1:56 | Barracks |
| 2:21 | Lumber Mill |
| 2:32 | Blizzard |
| 2:48 | Farm |
| 2:50 | Footman |
| 2:50 | Footman |
| 2:53 | Footman |
| 3:25 | Farm |
| 4:06 | Farm |
| 4:08 | Footman |
| 4:08 | Footman |
| 4:46 | Summon Water Elemental |
| 4:58 | Blacksmith |
| 5:00 | Keep |
| 5:02 | Footman |
| 5:02 | Footman |
| 6:37 | Rifleman |
| 6:37 | Rifleman |
| 6:44 | Farm |
| 7:15 | Arcane Vault |
| 7:23 | Black Gunpowder |
| 7:32 | Arcane Sanctum |
| 8:29 | Potion of Healing |
| 8:36 | Potion of Healing |
| 8:40 | Holy Light |
| 8:46 | Priest |
| 8:46 | Priest |
| 8:49 | Farm |
| 8:53 | Farm |
| 8:59 | Long Rifles |
| 9:17 | Priest Adept Training |
| 9:35 | Workshop |
| 9:38 | Farm |
| 10:09 | Improved Lumber Harvesting |
| 10:36 | Summon Water Elemental |
| 10:47 | Farm |
| 10:50 | Farm |
| 12:40 | Rifleman |
| 12:40 | Rifleman |
| 12:41 | Rifleman |
| 12:43 | Priest |
| 12:43 | Priest |
| 12:44 | Priest |
| 12:44 | Priest |
| 12:58 | Gryphon Aviary |
| 13:03 | Gryphon Aviary |
| 13:43 | Castle |
| Right click | 232 |
| Select | 133 |
| Build/train/purchase | 45 |
| Use ability | 10 |

| Healing Salve | 1 | 100 |
| Lesser Clarity Potion | 3 | 210 |
| Scroll of Speed | 3 | 150 |
| Orb of Lightning | 1 | 375 |
| Scroll of Town Portal | 1 | 350 |
| total: | 9 | 1185g |
| Peon | 9 | 675 | / | 0 |
| Troll Headhunter | 9 | 1260 | / | 180 |
| Shaman | 5 | 650 | / | 100 |
| Troll Berserker | 5 | 700 | / | 100 |
| Troll Witch Doctor | 7 | 1015 | / | 175 |
| Kodo Beast | 1 | 255 | / | 60 |
| Troll Batrider | 3 | 480 | / | 120 |
| Goblin Shredder | 1 | 375 | / | 100 |
| total: | 40 | 5410g | / | 835w |
| Watch Tower | 1 | 110 | / | 80 |
| Altar of Storms | 1 | 180 | / | 50 |
| Orc Burrow | 6 | 960 | / | 240 |
| Voodoo Lounge | 1 | 130 | / | 30 |
| War Mill | 1 | 205 | / | 0 |
| Barracks | 1 | 180 | / | 50 |
| Great Hall | 1 | 385 | / | 185 |
| Spirit Lodge | 3 | 450 | / | 450 |
| Beastiary | 1 | 145 | / | 140 |
| Stronghold | 1 | 315 | / | 190 |
| Fortress | 1 | 325 | / | 190 |
| total: | 16 | 2745g | / | 1225w |
| 0:03 | Peon |
| 0:03 | Peon |
| 0:03 | Peon |
| 0:07 | Altar of Storms |
| 0:20 | Orc Burrow |
| 0:27 | Peon |
| 0:52 | Voodoo Lounge |
| 0:56 | Peon |
| 1:02 | Peon |
| 1:20 | Peon |
| 1:41 | War Mill |
| 1:51 | Orc Burrow |
| 2:12 | Feral Spirit |
| 2:21 | Barracks |
| 2:23 | Peon |
| 2:47 | Stronghold |
| 3:33 | Troll Headhunter |
| 3:38 | Watch Tower |
| 3:44 | Orc Burrow |
| 4:12 | Troll Headhunter |
| 4:14 | Steel Ranged Weapons |
| 4:19 | Chain Lighting |
| 4:25 | Troll Headhunter |
| 4:35 | Troll Headhunter |
| 5:07 | Troll Headhunter |
| 5:56 | Feral Spirit |
| 6:13 | Great Hall |
| 6:17 | Goblin Shredder |
| 6:26 | Spirit Lodge |
| 6:29 | Fortress |
| 6:49 | Spirit Lodge |
| 7:02 | Troll Headhunter |
| 7:12 | Healing Salve |
| 7:13 | Lesser Clarity Potion |
| 7:15 | Scroll of Speed |
| 7:20 | Thorium Ranged Weapons |
| 7:34 | Troll Headhunter |
| 8:01 | Orc Burrow |
| 8:05 | Spirit Lodge |
| 8:51 | Shaman Adept Training |
| 8:51 | Witch Doctor Adept Training |
| 8:58 | Beastiary |
| 9:00 | Berserker Upgrade |
| 9:20 | Orc Burrow |
| 9:25 | Troll Headhunter |
| 9:25 | Troll Headhunter |
| 9:34 | Scroll of Speed |
| 9:45 | Shaman |
| 9:46 | Shaman |
| 9:53 | Peon |
| 10:11 | Troll Berserker |
| 10:18 | Orc Burrow |
| 10:30 | Troll Witch Doctor |
| 10:31 | Troll Witch Doctor |
| 10:41 | Troll Berserker |
| 10:52 | Witch Doctor Master Training |
| 10:53 | Troll Witch Doctor |
| 10:53 | Troll Witch Doctor |
| 10:58 | Shaman Master Training |
| 11:05 | Troll Berserker |
| 11:10 | Kodo Beast |
| 12:28 | Troll Berserker |
| 12:35 | Scroll of Speed |
| 12:38 | Scroll of Town Portal |
| 12:38 | Orb of Lightning |
| 12:39 | Lesser Clarity Potion |
| 12:48 | Troll Witch Doctor |
| 12:48 | Troll Witch Doctor |
| 12:56 | Troll Berserker |
| 13:19 | Shaman |
| 13:19 | Shaman |
| 13:19 | Shaman |
| 13:25 | Troll Witch Doctor |
| 13:39 | Lesser Clarity Potion |
| 14:10 | War Drums Damage Increase |
| 14:10 | Troll Batrider |
| 14:11 | Troll Batrider |
| 14:11 | Troll Batrider |
| Right click | 585 |
| Select group | 273 |
| Select | 253 |
| Build/train/purchase | 79 |
| Assign group | 34 |
| Use ability | 19 |
| Misc. action | 10 |
| Item give/drop | 4 |
| Remove unit | 3 |


| Rod of Necromancy | 1 | 150 |
| Potion of Healing | 1 | 150 |
| Scroll of Town Portal | 3 | 1050 |
| Scroll of Healing | 1 | 250 |
| Potion of Lesser Invulnerability | 2 | 300 |
| Scroll of Protection | 2 | 300 |
| total: | 10 | 2200g |
| Acolyte | 7 | 525 | / | 0 |
| Ghoul | 4 | 480 | / | 0 |
| Crypt Fiend | 11 | 2365 | / | 440 |
| Obsidian Statue | 3 | 600 | / | 105 |
| total: | 25 | 3970g | / | 545w |
| Spirit Tower | 2 | 290 | / | 80 |
| Crypt | 2 | 400 | / | 100 |
| Ziggurat | 7 | 1050 | / | 350 |
| Altar of Darkness | 1 | 180 | / | 50 |
| Tomb of Relics | 1 | 130 | / | 30 |
| Graveyard | 1 | 215 | / | 0 |
| Necropolis | 1 | 225 | / | 0 |
| Slaughterhouse | 1 | 140 | / | 135 |
| Sacrificial Pit | 1 | 75 | / | 150 |
| Halls of the Dead | 1 | 320 | / | 210 |
| Black Citadel | 1 | 325 | / | 230 |
| total: | 15 | 2415g | / | 815w |
| 0:05 | Acolyte |
| 0:05 | Acolyte |
| 0:09 | Crypt |
| 0:12 | Crypt |
| 0:14 | Ziggurat |
| 0:38 | Altar of Darkness |
| 0:56 | Tomb of Relics |
| 1:15 | Graveyard |
| 1:25 | Ghoul |
| 1:44 | Ghoul |
| 1:55 | Ziggurat |
| 2:04 | Ghoul |
| 2:18 | Ghoul |
| 2:34 | Ziggurat |
| 2:47 | Death Coil |
| 2:58 | Crypt Fiend |
| 3:18 | Rod of Necromancy |
| 3:24 | Creature Attack |
| 3:43 | Crypt Fiend |
| 4:01 | Unholy Aura |
| 4:13 | Acolyte |
| 4:15 | Crypt Fiend |
| 4:56 | Halls of the Dead |
| 5:16 | Crypt Fiend |
| 5:42 | Death Coil |
| 5:48 | Necropolis |
| 5:56 | Crypt Fiend |
| 7:11 | Scroll of Town Portal |
| 7:15 | Crypt Fiend |
| 7:17 | Acolyte |
| 7:19 | Acolyte |
| 7:20 | Acolyte |
| 7:21 | Acolyte |
| 7:27 | Burrow |
| 7:52 | Improved Creature Attack |
| 8:19 | Crypt Fiend |
| 8:25 | Slaughterhouse |
| 9:28 | Creature Carapace |
| 9:32 | Ziggurat |
| 9:34 | Ziggurat |
| 9:35 | Ziggurat |
| 9:35 | Ziggurat |
| 9:52 | Spirit Tower |
| 10:01 | Scroll of Town Portal |
| 10:04 | Frost Nova |
| 10:31 | Crypt Fiend |
| 10:32 | Crypt Fiend |
| 10:33 | Obsidian Statue |
| 10:33 | Obsidian Statue |
| 10:33 | Obsidian Statue |
| 10:40 | Improved Creature Carapace |
| 11:01 | Potion of Lesser Invulnerability |
| 11:02 | Scroll of Protection |
| 12:17 | Scroll of Town Portal |
| 12:18 | Potion of Healing |
| 12:33 | Web |
| 12:45 | Black Citadel |
| 12:48 | Spirit Tower |
| 13:12 | Crypt Fiend |
| 13:16 | Crypt Fiend |
| 13:46 | Sacrificial Pit |
| 13:50 | Potion of Lesser Invulnerability |
| 13:50 | Scroll of Protection |
| 13:51 | Scroll of Healing |
| Right click | 701 |
| Select | 206 |
| Select group | 123 |
| Build/train/purchase | 75 |
| Use ability | 30 |
| Assign group | 25 |
| Minimap ping | 2 |
| Misc. action | 1 |
| Item give/drop | 1 |
| Remove unit | 1 |

| Peon | 13 | 975 | / | 0 |
| Grunt | 14 | 2800 | / | 0 |
| total: | 27 | 3775g | / | 0w |
| Altar of Storms | 1 | 180 | / | 50 |
| Orc Burrow | 7 | 1120 | / | 280 |
| Barracks | 2 | 360 | / | 100 |
| War Mill | 1 | 205 | / | 0 |
| Great Hall | 1 | 385 | / | 185 |
| Stronghold | 1 | 315 | / | 190 |
| total: | 12 | 2250g | / | 615w |
| 0:18 | Altar of Storms |
| 0:22 | Orc Burrow |
| 0:26 | Peon |
| 0:55 | Peon |
| 1:24 | Barracks |
| 2:59 | Peon |
| 2:59 | Peon |
| 2:59 | Peon |
| 2:59 | Peon |
| 3:00 | Peon |
| 3:02 | Peon |
| 3:12 | Peon |
| 3:45 | Peon |
| 3:51 | Orc Burrow |
| 3:54 | Peon |
| 4:09 | Mirror Image |
| 4:18 | Orc Burrow |
| 4:24 | War Mill |
| 4:41 | Barracks |
| 4:55 | Grunt |
| 4:55 | Grunt |
| 5:00 | Grunt |
| 5:03 | Grunt |
| 5:19 | Orc Burrow |
| 5:28 | Pillage |
| 5:38 | Steel Melee Weapons |
| 5:39 | Steel Armor |
| 5:40 | Spiked Barricades |
| 5:43 | Peon |
| 5:43 | Peon |
| 5:58 | Grunt |
| 6:19 | Grunt |
| 6:55 | Stronghold |
| 7:07 | Orc Burrow |
| 7:45 | Grunt |
| 8:04 | Grunt |
| 8:26 | Grunt |
| 8:50 | Critical Strike |
| 9:02 | Grunt |
| 9:23 | Thorium Melee Weapons |
| 10:03 | Berserker Strength |
| 10:06 | Thorium Armor |
| 10:58 | Great Hall |
| 11:06 | Improved Spiked Barricades |
| 11:15 | Orc Burrow |
| 11:20 | Mirror Image |
| 12:41 | Grunt |
| 13:02 | Grunt |
| 13:20 | Orc Burrow |
| 13:40 | Grunt |
| 14:52 | Grunt |
| Select | 145 |
| Right click | 83 |
| Build/train/purchase | 48 |
| Misc. action | 22 |
| Assign group | 8 |
| Minimap ping | 7 |
| Use ability | 6 |
| Select group | 2 |
120 units @ 16.9k
/ 2.2k
80 buildings @ 10.5k
/ 4.6k

| Lesser Clarity Potion | 2 | 140 |
| Scroll of Regeneration | 2 | 200 |
| Potion of Mana | 1 | 200 |
| Scroll of Town Portal | 4 | 1400 |
| Boots of Speed | 1 | 250 |
| Circlet of Nobility | 1 | 175 |
| Staff of Teleportation | 1 | 150 |
| total: | 12 | 2515g |
| Peasant | 15 | 1125 | / | 0 |
| Flying Machine | 3 | 300 | / | 90 |
| Mortar Team | 1 | 180 | / | 70 |
| Goblin Shredder | 1 | 375 | / | 100 |
| total: | 20 | 1980g | / | 260w |
| Scout Tower | 1 | 30 | / | 20 |
| Arcane Tower | 1 | 70 | / | 50 |
| Altar of Kings | 2 | 360 | / | 100 |
| Farm | 10 | 800 | / | 200 |
| Arcane Vault | 1 | 130 | / | 30 |
| Blacksmith | 1 | 140 | / | 60 |
| Town Hall | 1 | 385 | / | 205 |
| Workshop | 3 | 420 | / | 420 |
| Keep | 1 | 320 | / | 210 |
| Castle | 1 | 360 | / | 210 |
| total: | 19 | 2265g | / | 1035w |
| 0:02 | Peasant |
| 0:03 | Peasant |
| 0:08 | Altar of Kings |
| 0:26 | Altar of Kings |
| 0:28 | Farm |
| 0:30 | Peasant |
| 0:40 | Peasant |
| 0:58 | Peasant |
| 1:10 | Arcane Vault |
| 1:13 | Farm |
| 1:16 | Peasant |
| 1:33 | Peasant |
| 1:35 | Peasant |
| 2:16 | Scout Tower |
| 2:21 | Farm |
| 2:26 | Farm |
| 2:27 | Lesser Clarity Potion |
| 2:30 | Flame Strike |
| 2:39 | Farm |
| 2:41 | Keep |
| 2:59 | Arcane Tower |
| 3:05 | Scroll of Regeneration |
| 4:19 | Siphon Mana |
| 5:05 | Boots of Speed |
| 5:05 | Circlet of Nobility |
| 5:06 | Staff of Teleportation |
| 5:18 | Castle |
| 5:39 | Blacksmith |
| 6:36 | Farm |
| 6:37 | Farm |
| 6:39 | Farm |
| 6:59 | Lesser Clarity Potion |
| 7:04 | Potion of Mana |
| 7:05 | Scroll of Regeneration |
| 7:08 | Scroll of Town Portal |
| 7:15 | Flame Strike |
| 7:57 | Town Hall |
| 9:07 | Scroll of Town Portal |
| 9:15 | Workshop |
| 9:15 | Workshop |
| 9:35 | Black Gunpowder |
| 9:57 | Scroll of Town Portal |
| 10:06 | Workshop |
| 11:29 | Siphon Mana |
| 12:42 | Flak Cannons |
| 12:43 | Flying Machine |
| 12:43 | Flying Machine |
| 12:45 | Flying Machine |
| 12:55 | Fragmentation Shards |
| 12:57 | Mortar Team |
| 12:58 | Farm |
| 13:00 | Farm |
| 13:15 | Scroll of Town Portal |
| 13:18 | Peasant |
| 13:19 | Peasant |
| 13:19 | Peasant |
| 13:19 | Peasant |
| 13:23 | Peasant |
| 13:23 | Peasant |
| 13:23 | Peasant |
| 13:45 | Goblin Shredder |
| 14:40 | Flame Strike |
| Right click | 417 |
| Select | 174 |
| Chat | 116 |
| Build/train/purchase | 55 |
| Resource trade | 46 |
| Use ability | 42 |
| Remove unit | 17 |
| Misc. action | 13 |
| Item give/drop | 9 |
| Minimap ping | 7 |


| Scroll of Regeneration | 2 | 200 |
| Lesser Clarity Potion | 3 | 210 |
| Scroll of Town Portal | 1 | 350 |
| Boots of Speed | 1 | 250 |
| total: | 7 | 1010g |
| Peasant | 10 | 750 | / | 0 |
| Footman | 2 | 270 | / | 0 |
| Rifleman | 9 | 1845 | / | 270 |
| Spell Breaker | 4 | 860 | / | 120 |
| Goblin Shredder | 1 | 375 | / | 100 |
| total: | 26 | 4100g | / | 490w |
| Scout Tower | 2 | 60 | / | 40 |
| Arcane Tower | 2 | 140 | / | 100 |
| Altar of Kings | 1 | 180 | / | 50 |
| Farm | 11 | 880 | / | 220 |
| Barracks | 1 | 160 | / | 60 |
| Blacksmith | 2 | 280 | / | 120 |
| Arcane Vault | 3 | 390 | / | 90 |
| Lumber Mill | 1 | 120 | / | 0 |
| Town Hall | 1 | 385 | / | 205 |
| Arcane Sanctum | 1 | 150 | / | 140 |
| Workshop | 1 | 140 | / | 140 |
| Keep | 1 | 320 | / | 210 |
| Castle | 1 | 360 | / | 210 |
| total: | 24 | 2745g | / | 1065w |
| 0:01 | Peasant |
| 0:01 | Peasant |
| 0:23 | Altar of Kings |
| 0:28 | Peasant |
| 0:33 | Farm |
| 0:37 | Peasant |
| 0:38 | Peasant |
| 0:50 | Barracks |
| 0:52 | Peasant |
| 0:58 | Farm |
| 1:31 | Scout Tower |
| 1:35 | Peasant |
| 1:38 | Farm |
| 1:45 | Peasant |
| 1:51 | Footman |
| 2:04 | Blacksmith |
| 2:12 | Footman |
| 2:25 | Holy Light |
| 2:40 | Arcane Vault |
| 2:45 | Arcane Tower |
| 2:48 | Scout Tower |
| 3:10 | Farm |
| 3:11 | Farm |
| 3:21 | Rifleman |
| 3:24 | Peasant |
| 3:24 | Peasant |
| 3:39 | Devotion Aura |
| 3:47 | Rifleman |
| 3:57 | Farm |
| 4:01 | Farm |
| 4:12 | Rifleman |
| 4:17 | Black Gunpowder |
| 4:36 | Rifleman |
| 4:58 | Keep |
| 5:22 | Rifleman |
| 5:25 | Rifleman |
| 5:39 | Studded Leather Armor |
| 6:20 | Holy Light |
| 6:34 | Blacksmith |
| 6:59 | Rifleman |
| 7:10 | Scroll of Regeneration |
| 7:13 | Lesser Clarity Potion |
| 7:13 | Lesser Clarity Potion |
| 7:25 | Long Rifles |
| 7:26 | Refined Gunpowder |
| 7:32 | Lumber Mill |
| 8:00 | Farm |
| 8:19 | Improved Masonry |
| 8:29 | Storm Bolt |
| 8:42 | Reinforced Leather Armor |
| 9:09 | Arcane Tower |
| 9:13 | Farm |
| 9:31 | Farm |
| 9:31 | Farm |
| 9:50 | Arcane Vault |
| 9:53 | Arcane Sanctum |
| 10:06 | Arcane Vault |
| 10:15 | Castle |
| 10:57 | Town Hall |
| 11:07 | Boots of Speed |
| 11:23 | Spell Breaker |
| 11:26 | Divine Shield |
| 11:43 | Bash |
| 12:13 | Spell Breaker |
| 12:20 | Rifleman |
| 12:29 | Goblin Shredder |
| 12:40 | Lesser Clarity Potion |
| 12:59 | Scroll of Regeneration |
| 13:06 | Scroll of Town Portal |
| 13:16 | Advanced Masonry |
| 13:20 | Spell Breaker |
| 13:22 | Iron Forged Swords |
| 13:35 | Workshop |
| 13:55 | Spell Breaker |
| 14:56 | Rifleman |
| Right click | 535 |
| Select group | 475 |
| Select | 184 |
| Build/train/purchase | 63 |
| Use ability | 32 |
| Assign group | 25 |
| Chat | 13 |
| Minimap ping | 6 |
| Item give/drop | 5 |
| Misc. action | 1 |


| Scroll of Regeneration | 1 | 100 |
| Scroll of Town Portal | 1 | 350 |
| total: | 2 | 450g |
| Peasant | 11 | 825 | / | 0 |
| Footman | 3 | 405 | / | 0 |
| Rifleman | 11 | 2255 | / | 330 |
| Priest | 3 | 405 | / | 30 |
| Knight | 5 | 1225 | / | 300 |
| Spell Breaker | 1 | 215 | / | 30 |
| Goblin Shredder | 2 | 750 | / | 200 |
| total: | 36 | 6080g | / | 890w |
| Altar of Kings | 1 | 180 | / | 50 |
| Farm | 10 | 800 | / | 200 |
| Barracks | 2 | 320 | / | 120 |
| Town Hall | 1 | 385 | / | 205 |
| Arcane Vault | 1 | 130 | / | 30 |
| Blacksmith | 1 | 140 | / | 60 |
| Lumber Mill | 1 | 120 | / | 0 |
| Arcane Sanctum | 2 | 300 | / | 280 |
| Keep | 1 | 320 | / | 210 |
| Castle | 1 | 360 | / | 210 |
| total: | 19 | 2375g | / | 945w |
| 0:01 | Peasant |
| 0:06 | Altar of Kings |
| 0:12 | Peasant |
| 0:17 | Farm |
| 0:19 | Barracks |
| 0:22 | Peasant |
| 0:22 | Peasant |
| 0:35 | Peasant |
| 0:48 | Farm |
| 0:51 | Peasant |
| 1:04 | Peasant |
| 1:24 | Peasant |
| 1:25 | Footman |
| 1:36 | Footman |
| 1:43 | Peasant |
| 1:54 | Peasant |
| 2:04 | Farm |
| 2:09 | Summon Water Elemental |
| 2:18 | Peasant |
| 3:09 | Brilliance Aura |
| 3:10 | Brilliance Aura |
| 3:24 | Town Hall |
| 3:40 | Arcane Vault |
| 3:42 | Blacksmith |
| 3:49 | Footman |
| 5:00 | Goblin Shredder |
| 5:01 | Goblin Shredder |
| 5:07 | Summon Water Elemental |
| 5:15 | Lumber Mill |
| 5:19 | Rifleman |
| 5:23 | Farm |
| 6:11 | Rifleman |
| 6:12 | Keep |
| 6:14 | Black Gunpowder |
| 6:32 | Barracks |
| 6:37 | Rifleman |
| 6:52 | Rifleman |
| 7:11 | Improved Masonry |
| 7:12 | Studded Leather Armor |
| 7:14 | Rifleman |
| 7:20 | Farm |
| 7:35 | Rifleman |
| 7:49 | Rifleman |
| 7:58 | Brilliance Aura |
| 8:21 | Rifleman |
| 8:34 | Rifleman |
| 8:38 | Castle |
| 8:42 | Arcane Sanctum |
| 8:44 | Arcane Sanctum |
| 8:51 | Scroll of Regeneration |
| 9:17 | Refined Gunpowder |
| 9:18 | Reinforced Leather Armor |
| 9:20 | Farm |
| 9:22 | Farm |
| 9:26 | Farm |
| 9:28 | Farm |
| 9:30 | Farm |
| 9:39 | Holy Light |
| 9:59 | Priest |
| 10:00 | Priest Adept Training |
| 10:15 | Advanced Masonry |
| 10:33 | Scroll of Town Portal |
| 10:39 | Priest |
| 11:17 | Priest |
| 11:41 | Rifleman |
| 11:44 | Rifleman |
| 11:45 | Long Rifles |
| 11:48 | Knight |
| 11:50 | Sundering Blades |
| 11:51 | Animal War Training |
| 12:40 | Imbued Gunpowder |
| 12:40 | Dragonhide Armor |
| 12:42 | Priest Master Training |
| 12:43 | Spell Breaker |
| 12:43 | Control Magic |
| 12:46 | Knight |
| 12:46 | Knight |
| 13:23 | Knight |
| 14:00 | Devotion Aura |
| 14:50 | Summon Water Elemental |
| 14:55 | Knight |
| 15:27 | Holy Light |
| Select group | 758 |
| Right click | 538 |
| Select | 288 |
| Build/train/purchase | 83 |
| Misc. action | 72 |
| Assign group | 52 |
| Chat | 39 |
| Use ability | 9 |
| Remove unit | 7 |
| Item give/drop | 2 |
| Minimap ping | 1 |


| Potion of Healing | 1 | 150 |
| Orb of Venom | 1 | 325 |
| Scroll of Town Portal | 1 | 350 |
| Scroll of Healing | 1 | 250 |
| Potion of Lesser Invulnerability | 2 | 300 |
| total: | 6 | 1375g |
| Wisp | 23 | 1380 | / | 0 |
| Archer | 5 | 650 | / | 50 |
| Huntress | 4 | 780 | / | 80 |
| Chimaera | 6 | 1980 | / | 420 |
| total: | 38 | 4790g | / | 550w |
| Ancient Protector | 1 | 135 | / | 80 |
| Altar of Elders | 1 | 180 | / | 50 |
| Moon Well | 8 | 1440 | / | 320 |
| Ancient of War | 1 | 150 | / | 60 |
| Hunter's Hall | 1 | 210 | / | 100 |
| Ancient of Wonders | 1 | 90 | / | 30 |
| Tree of Life | 1 | 340 | / | 185 |
| Ancient of Wind | 1 | 150 | / | 140 |
| Chimaera Roost | 3 | 420 | / | 570 |
| Tree of Ages | 1 | 320 | / | 180 |
| Tree of Eternity | 2 | 660 | / | 400 |
| total: | 18 | 3115g | / | 1535w |
| 0:05 | Altar of Elders |
| 0:06 | Wisp |
| 0:06 | Wisp |
| 0:07 | Wisp |
| 0:21 | Moon Well |
| 0:40 | Ancient of War |
| 0:50 | Wisp |
| 0:51 | Wisp |
| 0:51 | Wisp |
| 1:26 | Wisp |
| 1:26 | Wisp |
| 1:36 | Wisp |
| 1:40 | Moon Well |
| 1:42 | Archer |
| 2:09 | Evasion |
| 2:17 | Wisp |
| 2:45 | Tree of Ages |
| 3:15 | Hunter's Hall |
| 3:17 | Moon Well |
| 3:26 | Archer |
| 3:26 | Archer |
| 4:08 | Archer |
| 4:08 | Archer |
| 4:18 | Huntress |
| 4:33 | Mana Burn |
| 4:36 | Mana Burn |
| 5:05 | Huntress |
| 5:07 | Tree of Eternity |
| 5:09 | Wisp |
| 5:09 | Wisp |
| 5:09 | Wisp |
| 5:12 | Ancient of Wind |
| 5:16 | Ancient of Wonders |
| 5:36 | Tree of Life |
| 5:53 | Mana Burn |
| 6:10 | Wisp |
| 6:14 | Entangling Roots |
| 6:25 | Tree of Eternity |
| 6:39 | Moon Well |
| 7:08 | Strength of the Wild |
| 7:22 | Potion of Lesser Invulnerability |
| 8:06 | Force of Nature |
| 8:10 | Wisp |
| 8:11 | Wisp |
| 8:11 | Wisp |
| 8:11 | Wisp |
| 8:11 | Wisp |
| 8:19 | Huntress |
| 8:19 | Huntress |
| 8:35 | Potion of Healing |
| 8:50 | Chimaera Roost |
| 8:52 | Chimaera Roost |
| 8:53 | Chimaera Roost |
| 9:18 | Wisp |
| 9:18 | Wisp |
| 9:21 | Ancient Protector |
| 9:53 | Wisp |
| 9:53 | Wisp |
| 10:28 | Corrosive Breath |
| 10:56 | Chimaera |
| 11:01 | Moon Well |
| 11:40 | Evasion |
| 11:47 | Entangling Roots |
| 12:07 | Moon Well |
| 12:10 | Moon Well |
| 12:12 | Chimaera |
| 12:13 | Chimaera |
| 12:38 | Improved Strength of the Wild |
| 12:43 | Scroll of Town Portal |
| 12:44 | Potion of Lesser Invulnerability |
| 12:44 | Scroll of Healing |
| 13:14 | Moon Well |
| 13:17 | Chimaera |
| 13:24 | Orb of Venom |
| 13:49 | Chimaera |
| 14:23 | Chimaera |
| 14:58 | Force of Nature |
| Right click | 637 |
| Select | 304 |
| Select group | 183 |
| Misc. action | 102 |
| Build/train/purchase | 69 |
| Chat | 29 |
| Assign group | 27 |
| Use ability | 23 |
| Item give/drop | 9 |
| Resource trade | 4 |
| Remove unit | 2 |
⇛